 Dungeon Crawl Stone Soup version 0.24.0-125-gc4c63601f3 (webtiles) character file.

Game seed: 3193729327322132661, levelgen mode: deterministic

135 mortelune the Magician (level 5, -5/37 HPs)
             Began as a Gnoll Wanderer on Mar 7, 2020.
             Killed from afar by Crazy Yiuf (9 damage)
             ... with a puff of flame
             ... on level 3 of the Dungeon.
             The game lasted 00:06:27 (3412 turns).

mortelune the Magician (Gnoll Wanderer)             Turns: 3412, Time: 00:06:27

Health: -5/37      AC:  2    Str: 13    XL:     5   Next: 18%
Magic:  4/12       EV: 12    Int: 14    God:
Gold:   188        SH:  0    Dex: 17    Spells: 3/14 levels left

rFire    . . .     SeeInvis .   l - +4 short sword
rCold    . . .     Gourm    .   (no shield)
rNeg     . . .     Faith    +   d - +0 robe
rPois    .         Spirit   .   (no helmet)
rElec    .         Reflect  .   (no cloak)
rCorr    .         Harm     .   (no gloves)
MR       .....                  (no boots)
Stlth    ++........             n - amulet of faith
HPRegen  0.12/turn              (no ring)
MPRegen  0.13/turn              (no ring)

@: no status effects
A: distributed training, fangs 1, strong nose
a: no special abilities


You were on level 3 of the Dungeon.
You were very hungry.

You visited 1 branch of the dungeon, and saw 3 of its levels.

You collected 188 gold pieces.

Inventory:

Hand Weapons
 a - a +0 dagger
 b - a +1 whip of draining
 l - a +4 short sword (weapon)
Armour
 d - a +0 robe (worn)
Jewellery
 n - an amulet of faith (around neck)
Scrolls
 e - 5 scrolls of teleportation {unknown}
 g - a scroll of fear {unknown}
 h - 4 scrolls of remove curse {unknown}
 i - 7 scrolls of identify {unknown}
 k - a scroll of blinking {unknown}
 m - a scroll of magic mapping {unknown}
 q - 2 scrolls of amnesia {unknown}
Potions
 c - 3 potions of curing
 j - a potion of mutation {unknown}
 o - a potion of flight {unknown}
 p - a potion of lignification {unknown}
Comestibles
 f - 6 rations


   Skills:
 + Level 1.3 Fighting
 + Level 1.3 Short Blades
 + Level 1.3 Long Blades
 + Level 1.3 Axes
 + Level 1.3 Maces & Flails
 + Level 1.3 Polearms
 + Level 1.3 Staves
 + Level 1.3 Slings
 + Level 1.3 Bows
 + Level 1.3 Crossbows
 + Level 1.3 Throwing
 + Level 1.3 Armour
 + Level 1.3 Dodging
 + Level 1.3 Stealth
 + Level 1.3 Shields
 + Level 1.3 Unarmed Combat
 + Level 5.1 Spellcasting
 + Level 3.9 Conjurations
 + Level 1.1 Hexes
 + Level 1.1 Charms
 + Level 1.1 Summonings
 + Level 1.1 Necromancy
 + Level 2.3 Translocations
 + Level 2.3 Transmutations
 + Level 1.1 Fire Magic
 + Level 1.1 Ice Magic
 + Level 1.1 Air Magic
 + Level 1.1 Earth Magic
 + Level 3.9 Poison Magic
 + Level 1.5 Invocations
 + Level 4.7 Evocations


You had 3 spell levels left.
You knew the following spells:

 Your Spells              Type           Power        Failure   Level  Hunger
a - Magic Dart            Conj           ##..         3%          1    None
b - Mephitic Cloud        Conj/Pois/Air  ##......     16%         3    ###....
c - Blink                 Tloc           N/A          10%         2    ##.....
d - Conjure Flame         Conj/Fire      ##......     19%         3    ###....
e - Call Imp              Summ           #.......     17%         2    ##.....

Your spell library contained the following spells:

 Spells                   Type           Power        Failure   Level  Hunger
 Sticks to Snakes         Tmut           ##......     10%         2    ##.....
 Passwall                 Tmut/Erth      #.......     13%         2    ##.....
 Slow                     Hex            #.......     17%         2    ##.....


Dungeon Overview and Level Annotations

Branches:
Dungeon (3/15)

Altars:
Dithmenos
Kikubaaqudgha
Makhleb
Nemelex Xobeh
Ru
Uskayaw

Annotations:
D:3 Crazy Yiuf


Innate Abilities, Weirdness & Mutations

Your experience applies equally to all skills.
You have very sharp teeth.
Your uncanny sense of smell can sniff out nearby items.


Message History

Aiming: Magic Dart (safe; 3% risk of failure)
Press: ? - help, Shift-Dir - straight line, f/p - Crazy Yiuf
Aim: Crazy Yiuf, wielding a +2 quarterstaff of chaos, wearing a cursed +0 cloak and carrying a wand of flame (11) (moderately wounded)
The magic dart hits Crazy Yiuf.
Crazy Yiuf is heavily wounded.
Crazy Yiuf zaps a wand.
The puff of flame hits you!
* * * LOW HITPOINT WARNING * * *
Casting: Magic Dart (safe; 3% risk of failure)
Confirm with . or Enter, or press ? or * to list all spells.
Aiming: Magic Dart (safe; 3% risk of failure)
Press: ? - help, Shift-Dir - straight line, f/p - Crazy Yiuf
Aim: Crazy Yiuf, wielding a +2 quarterstaff of chaos, wearing a cursed +0 cloak and carrying a wand of flame (10) (heavily wounded)
The magic dart hits Crazy Yiuf.
Crazy Yiuf is severely wounded.
Crazy Yiuf laughs, "Mountain forty-two action!"
Crazy Yiuf cries, "Mama!"
Crazy Yiuf zaps a wand.
The puff of flame hits you.
* * * LOW HITPOINT WARNING * * *
Crazy Yiuf zaps a wand.
The puff of flame hits you!
You die...

#....g..♣..♣#...# #
#.#....♣.♣♣♣ ### #
#.###♣♣♣♣♣ # #g# #
#.# ### #.# #.###
#.# #####.#..
#.#########.......#
#.@...........#####
##########..###
#..# #####
#.####....
#.###.....
####...... #......
#...... #......


You could see Crazy Yiuf.

Vanquished Creatures
  Jessica (D:3)
  2 adders
  An ooze (D:2)
  A worm (D:2)
  A dart slug (D:1)
  A leopard gecko (D:1)
  7 orcs (D:3)
  3 ball pythons
  11 bats
  3 giant cockroaches (D:2)
  8 goblins
  6 hobgoblins
  5 jackals (D:1)
  9 kobolds
  A quokka (D:2)
  5 frilled lizards
  A leopard gecko skeleton (D:3)
  3 rats
69 creatures vanquished.

Notes
Turn   | Place    | Note
-------+----------+-------------------------------------------
     0 | D:1      | mortelune the Gnoll Wanderer began the quest for the Orb.
     0 | D:1      | mortelune set off with the following items: a +0 dagger, a
                  | potion of curing, a +0 robe, a ration; and the following
                  | spell memorised: Magic Dart; and the following spells
                  | available to memorise: Blink, Sticks to Snakes, Passwall,
                  | Mephitic Cloud, Conjure Flame, Call Imp, Slow
     0 | D:1      | Reached XP level 1. HP: 13/13 MP: 6/6
   276 | D:1      | Reached XP level 2. HP: 19/19 MP: 5/7
   774 | D:1      | Reached XP level 3. HP: 25/25 MP: 5/9
   819 | D:1      | Learned a level 3 spell: Mephitic Cloud
   822 | D:1      | Learned a level 2 spell: Blink
   826 | D:1      | Learned a level 3 spell: Conjure Flame
   829 | D:1      | Learned a level 2 spell: Call Imp
   970 | D:1      | Reached skill level 5 in Spellcasting
  1444 | D:2      | Reached skill level 1 in Invocations
  1817 | D:2      | Reached skill level 1 in Fighting
  1817 | D:2      | Reached skill level 1 in Short Blades
  1817 | D:2      | Reached skill level 1 in Long Blades
  1817 | D:2      | Reached skill level 1 in Axes
  1817 | D:2      | Reached skill level 1 in Maces & Flails
  1817 | D:2      | Reached skill level 1 in Polearms
  1817 | D:2      | Reached skill level 1 in Staves
  1817 | D:2      | Reached skill level 1 in Slings
  1817 | D:2      | Reached skill level 1 in Bows
  1817 | D:2      | Reached skill level 1 in Crossbows
  1817 | D:2      | Reached skill level 1 in Throwing
  1817 | D:2      | Reached skill level 1 in Armour
  1817 | D:2      | Reached skill level 1 in Dodging
  1817 | D:2      | Reached skill level 1 in Stealth
  1817 | D:2      | Reached skill level 1 in Shields
  1817 | D:2      | Reached skill level 1 in Unarmed Combat
  2042 | D:2      | Reached XP level 4. HP: 32/32 MP: 8/11
  2201 | D:2      | Found a sparkling altar of Nemelex Xobeh.
  2622 | D:3      | Reached skill level 1 in Hexes
  2622 | D:3      | Reached skill level 1 in Charms
  2622 | D:3      | Reached skill level 1 in Summonings
  2622 | D:3      | Reached skill level 1 in Necromancy
  2622 | D:3      | Reached skill level 1 in Fire Magic
  2622 | D:3      | Reached skill level 1 in Ice Magic
  2622 | D:3      | Reached skill level 1 in Air Magic
  2622 | D:3      | Reached skill level 1 in Earth Magic
  2724 | D:3      | Found a burning altar of Makhleb.
  2725 | D:3      | Found a shadowy altar of Dithmenos.
  2725 | D:3      | Found a sacrificial altar of Ru.
  2725 | D:3      | Found a hide-covered altar of Uskayaw.
  2760 | D:3      | Found an ancient bone altar of Kikubaaqudgha.
  2845 | D:3      | Noticed Jessica
  2850 | D:3      | Killed Jessica
  2850 | D:3      | Reached XP level 5. HP: 37/37 MP: 7/12
  3382 | D:3      | Found a runed translucent door.
  3383 | D:3      | Noticed Crazy Yiuf
  3412 | D:3      | Killed from afar by Crazy Yiuf

Levels and vault maps discovered:
D:1:      mushboom_english_gardens, layout_basic
D:2:      layout_basic, first_ration, lemuel_altar_in_water
D:3:      layout_rooms, kiku_gazebo_garden_becter,
          chequers_temple_overflow_statue_of_worship,
          minmay_goblin_kobold_house, uniq_crazy_yiuf_cottage, uniq_jessica

Skill      XL: |  1  2  3  4 |
---------------+-------------+-----
Translocations | 2 |  2.3
Transmutations | 2 |  2.3
Spellcasting   | 5 |  5.1
Invocations    | 1 |  1.5
Fighting       | 1 |  1.3
Short Blades   | 1 |  1.3
Long Blades    | 1 |  1.3
Axes           | 1 |  1.3
Maces & Flails | 1 |  1.3
Polearms       | 1 |  1.3
Staves         | 1 |  1.3
Slings         | 1 |  1.3
Bows           | 1 |  1.3
Crossbows      | 1 |  1.3
Throwing       | 1 |  1.3
Armour         | 1 |  1.3
Dodging        | 1 |  1.3
Stealth        | 1 |  1.3
Shields        | 1 |  1.3
Unarmed Combat | 1 |  1.3
Hexes          | 1 |  1.1
Charms         | 1 |  1.1
Summonings     | 1 |  1.1
Necromancy     | 1 |  1.1
Fire Magic     | 1 |  1.1
Ice Magic      | 1 |  1.1
Air Magic      | 1 |  1.1
Earth Magic    | 1 |  1.1
Conjurations   | |  3.9
Poison Magic   | |  3.9
Evocations     | |  4.7

Action                   |  1- 3 |  4- 6 || total
-------------------------+-------+-------++-------
Melee: Whip              |     4 |    10 ||    14
       Bite              |     1 |       ||     1
       Short sword       |       |     2 ||     2
 Cast: Magic Dart        |   101 |    73 ||   174
       Conjure Flame     |       |     1 ||     1
  Eat: Chunk             |     3 |     3 ||     6
Armor: Robe              |     1 |     3 ||     4
Dodge: Dodged            |     9 |     7 ||    16
